 Dungeon Crawl Stone Soup version 0.28-a0-1002-gf00fe891ef (webtiles) character file.

Game seed: 16497433676664718502

77934 meatgazer the Corrupter of Planes (level 15, -20/125 HPs)
             Began as a Demonspawn Abyssal Knight on Dec 3, 2021.
             Was the Champion of Lugonu.
             Demolished by a +4 long sword (23 damage)
             ... on level 13 of the Dungeon on Dec 6, 2021.
             The game lasted 00:45:27 (33024 turns).

meatgazer the Corrupter of Planes (DsAK)           Turns: 33024, Time: 00:45:28

Health: -20/125    AC: 20    Str: 27    XL:     15   Next: 16%
Magic:  27/27      EV: 13    Int: 17    God:    Lugonu [******]
Gold:   313        SH: 14    Dex: 30    Spells: 14/14 levels left

rFire   + . .      SeeInvis .   c - +7 falchion of Gothrozo {freeze, *Noise rElec rPois Str+9}
rCold   + . .      Faith    .   p - +2 buckler {reflect}
rNeg    . . .      Spirit   .   s - +1 plate armour of the Moneychanger {Int+2 Dex+5}
rPois   +          Reflect  +   i - -4 hat of the Storm King {rPois rF+ Will++ Str-3}
rElec   +          Harm     .   l - +2 cloak
rCorr   .          Rampage  .   q - +0 pair of gloves
Will    +++..                   (boots unavailable)
Stlth   ..........              b - amulet of Pomn {Reflect Dex+4 SH+5}
HPRegen 0.30/turn               e - +6 ring of strength
MPRegen 0.20/turn               J - ring "Erexi" {rElec rPois rC+ Dex+3 Slay+2}

@: mighty, agile, unable to read
A: hooves 3, molten scales 2, icemail 2, powered by pain 2, condensation shield,
horns 1, agile 1, sense surroundings 1, poison resistance, inability to read
while threatened, MP-powered wands
a: Renounce Religion, Depart the Abyss, Bend Space, Banish, Corrupt, Enter the
Abyss, Brand Weapon With Distortion


You were on level 13 of the Dungeon.
You worshipped Lugonu.
Lugonu was exalted by your worship.
You visited 3 branches of the dungeon, and saw 22 of its levels.
You visited the Abyss 2 times.

You collected 2651 gold pieces.
You spent 2338 gold pieces at shops.

Inventory:

Hand Weapons
 a - a +7 falchion of flaming
 c - the +7 falchion of Gothrozo (weapon) {freeze, *Noise rElec rPois Str+9}
   (You bought it in a shop on level 2 of the Orcish Mines)

   It freezes those it strikes, dealing additional cold damage.
   It can also slow down cold-blooded creatures.
   Str:       It affects your strength (+9).
   rElec:     It insulates you from electricity.
   rPois:     It protects you from poison.
   *Noise:    It may make noises in combat.
Armour
 i - the -4 hat of the Storm King (worn) {rPois rF+ Will++ Str-3}
   (You bought it in a shop on level 2 of the Orcish Mines)

   Str:       It affects your strength (-3).
   rF:        It protects you from fire.
   rPois:     It protects you from poison.
   Will:      It greatly increases your willpower.
 l - a +2 cloak (worn)
 p - a +2 buckler of reflection (worn)
 q - a +0 pair of gloves (worn)
 s - the +1 plate armour of the Moneychanger (worn) {Int+2 Dex+5}
   (You bought it in a shop on level 4 of the Dungeon)

   Int:       It affects your intelligence (+2).
   Dex:       It affects your dexterity (+5).
Jewellery
 b - the amulet of Pomn (around neck) {Reflect Dex+4 SH+5}
   (You acquired it on level 6 of the Lair of Beasts)

   [amulet of reflection]

   It reflects blocked missile attacks.
   Dex:       It affects your dexterity (+4).
   SH:        It affects your SH (+5).
 e - a +6 ring of strength (left hand)
 m - a ring of see invisible
 r - an amulet of the acrobat
 J - the ring "Erexi" (right hand) {rElec rPois rC+ Dex+3 Slay+2}
   (You bought it in a shop on level 9 of the Dungeon)

   [ring of poison resistance]

   Dex:       It affects your dexterity (+3).
   Slay:      It affects your accuracy & damage with ranged weapons and melee
   (+2).
   rC:        It protects you from cold.
   rElec:     It insulates you from electricity.
   rPois:     It protects you from poison.
Wands
 d - a wand of acid (5)
 h - a wand of digging (5)
 j - a wand of charming (9)
 o - a wand of iceblast (9)
 t - a wand of paralysis (6)
 x - a wand of flame (12)
Scrolls
 f - 2 scrolls of fog
 A - 4 scrolls of teleportation
 B - a scroll of holy word
 K - a scroll of fear
 L - 2 scrolls of identify
Potions
 g - 6 potions of flight
 k - 4 potions of curing
 w - a potion of magic
 D - a potion of attraction
 F - a potion of might
 I - a potion of cancellation


   Skills:
 + Level 13.6 Fighting
 + Level 12.4 Long Blades
 + Level 11.6 Armour
 - Level 0.8 Dodging
 - Level 4.1 Shields
 + Level 17.0 Invocations
 + Level 7.9 Evocations


You had 14 spell levels left.
You didn't know any spells.
Your spell library contained the following spells:

 Spells                   Type           Power      Damage    Failure   Level
 Beastly Appendage        Tmut           0%         N/A       88%         1
 Foxfire                  Conj/Fire      0%         2x1d4     88%         1
 Sting                    Tmut/Pois      0%         1d3       88%         1
 Scorch                   Fire           0%         2d5       95%         2
 Ozocubu's Armour         Ice            0%         N/A       99%         3
 Airstrike                Air            0%         N/A       100%        4
 Animate Armour           Summ/Erth      0%         N/A       100%        4
 Animate Dead             Necr           0%         N/A       100%        4
 Flame Wave               Conj/Fire      0%         2d4       100%        4
 Hailstorm                Conj/Ice       0%         3d3       100%        4
 Ice Form                 Ice/Tmut       0%         N/A       100%        4
 Summon Lightning Spire   Summ/Air       0%         N/A       100%        4
 Blade Hands              Tmut           0%         N/A       100%        5
 Borgnjor's Vile Clutch   Necr/Erth      0%         N/A       100%        5
 Freezing Cloud           Conj/Ice/Air   0%         6-21      100%        5
 Irradiate                Conj/Tmut      0%         3d13      100%        5
 Lightning Bolt           Conj/Air       0%         1d11      100%        5
 Death Channel            Necr           0%         N/A       100%        6
 Iron Shot                Conj/Erth      0%         9d1       100%        6
 Simulacrum               Ice/Necr       0%         N/A       100%        6
 Starburst                Conj/Fire      0%         6d3       100%        6
 Summon Cactus Giant      Summ           0%         N/A       100%        6
 Ozocubu's Refrigeration  Ice            0%         4d5       100%        7
 Borgnjor's Revivificati  Necr           0%         N/A       100%        8
 Necromutation            Tmut/Necr      0%         N/A       100%        8
 Death's Door             Necr           0%         N/A       100%        9
 Polar Vortex             Ice            0%         N/A       100%        9


Dungeon Overview and Level Annotations

Branches:
Dungeon (14/15)            Temple (0/1) D:5            Lair (6/6) D:11
  Swamp (0/4) Lair:2       Spider (0/4) Lair:2        Slime (0/5) Lair:6
    Orc (2/2) D:12            Elf (0/3) Orc:2
 Vaults: D:13-14

Altars:
Ashenzari
Dithmenos
Elyvilon
Fedhas
Hepliaklqana
Makhleb
Nemelex Xobeh
Okawaru
Ru
Vehumet
Wu Jian
Xom
Zin
Beogh
Jiyva
Lugonu

Shops:
D:4 [   D:9 =   D:10 =   D:11 ?(=   D:13 !   Orc:1 !!   Orc:2 [([?(

Portals:
Abyss: Lair:6

Annotations:
D:9 1 runed translucent door, ytrimaz's ghost, novice OpTm
Abyss:1 Harold


Innate Abilities, Weirdness & Mutations

You have hooves in place of feet.
You are mostly covered in molten scales. (AC +3)
A meltable icy envelope protects you from harm. (AC +0)
You sometimes gain power by taking damage.
A meltable shield of frost defends you. (SH +0)
You have a pair of small horns on your head.
You are agile. (Dex +2)
You passively map a small area around you.
Your system is resistant to poisons. (rPois)
You sometimes lose the ability to read scrolls when taking damage.
You expend magic power (3 MP) to strengthen your wands.


Message History

You block the white ugly thing's attack.
You block the boulder beetle's attack.
You closely miss the white ugly thing. You kick the white ugly thing!
You headbutt the white ugly thing!
The white ugly thing is severely wounded.
The +4 long sword misses you.
The +3 long sword hits you but does no damage.
The white ugly thing claws you. The white ugly thing freezes you! You resist.
You slash the white ugly thing! You freeze the white ugly thing.
You kick the white ugly thing! You headbutt the white ugly thing.
The white ugly thing is almost dead.
The +4 long sword completely misses you.
The +3 long sword hits you but does no damage.
The boulder beetle bites you!
Unknown command.
You slice the white ugly thing!! You freeze the white ugly thing.
You kill the white ugly thing!
Lugonu accepts your kill.
The +4 long sword hits you but does no damage.
The +3 long sword hits you!!
* * * LOW HITPOINT WARNING * * *
You focus on the pain.
You feel more agile all of a sudden. You block the boulder beetle's attack.
You block the +4 long sword's attack. You block the +3 long sword's attack.
The boulder beetle bites you but does no damage.
You see here an ugly thing corpse.
The +3 long sword hits you!!
* * * LOW HITPOINT WARNING * * *
You feel much better.
The +3 long sword hits you but does no damage.
The boulder beetle bites you but does no damage.
The +4 long sword hits you!
* * * LOW HITPOINT WARNING * * *
You focus on the pain.
You feel mightier all of a sudden.
The boulder beetle leaps!
The +3 long sword hits you but does no damage.
The +4 long sword hits you!!
You die...

#.............# #.#### #.#.
##.#####.####.# ##.## #.#.
##.......# #.# #...# #.#.
.#######.## #.# #...# #.## .#
#..###.# #...# #...
.#######...##.## #...# #...
#.....#.....>†°#######...#####..#
#.....#....≈##.##...............#
#.....≈≈≈≈≈≈≈.((@.............≈≈≈
#......##..#.#.##.......≈......≈#
#......##......#######..≈≈##.#...
####.#.......### #...≈≈###...
#.####.##.# #....≈##≈###
#.####.##.# #...#.##≈#
###....()##.# #######.≈≈≈##≈≈#
##......))...###........#≈.#≈#
......#####.......####..#≈.≈≈#


You could see 2 dancing weapons.

Vanquished Creatures
  Rupert (D:12)
  An orc warlord (Orc:1)
  Azrael (D:12)
  Josephine (D:10)
  6 hydras
  3 catoblepae
  2 centaur warriors
  3 two-headed ogres (D:11)
  Erica (D:10)
  4 death yaks (Lair:4)
  2 orc high priests (Orc:2)
  A tengu warrior (D:10)
  Sonja (D:10)
  2 thrashing horrors (Lair:6)
  A bog body (Lair:2)
  2 orc knights (Orc:1)
  3 orc sorcerers
  2 cyclopes
  A manticore (D:12)
  13 elephants
  2 slime creatures (D:13)
  3 ugly things
  8 black mambas
  2 smoke demons (Lair:6)
  Joseph (D:10)
  16 cane toads
  2 gargoyles (D:13)
  6 large abominations
  Psyche (D:9)
  2 unseen horrors
  12 komodo dragons
  3 rime drakes
  2 trolls
  An ancient zyme (Lair:6)
  A hornet (shapeshifter) (Lair:6)
  3 polar bears
  19 blink frogs
  A dream sheep (Lair:3)
  2 spriggans
  4 shadows (D:12)
  A vampire (D:13)
  A fire bat (shapeshifter) (D:13)
  9 wraiths
  A fire elemental (D:12)
  48 yaks
  3 wyverns
  2 ynoxinuls (Lair:6)
  7 basilisks
  7 vampire mosquitoes
  2 chaos spawn (Lair:6)
  A steam dragon (D:7)
  2 two-headed ogre zombies (D:12)
  2 wargs
  3 acid dragons
  3 swamp worms (Lair:2)
  A hell hound (D:12)
  17 water moccasins
  35 orc warriors
  An ice beast (D:7)
  A sky beast (D:5)
  5 black bears
  A hornet zombie (D:7)
  4 necrophages (D:7)
  6 ogres
  8 wolves
  14 centaurs
  2 phantoms
  3 scorpions
  A wyvern zombie (D:7)
  11 bullfrogs
  2 gnoll sergeants
  13 small abominations
  8 killer bees
  2 troll zombies (D:12)
  6 wights
  2 electric eels
  3 howler monkeys
  6 centaur zombies
  2 lava snakes (D:11)
  A bullfrog zombie (D:5)
  A gnoll shaman (D:9)
  3 jellies
  14 orc priests
  A hound (D:5)
  A centaur skeleton (D:6)
  A bullfrog skeleton (D:5)
  3 iguanas
  Ijyb (D:4)
  22 orc wizards
  4 ogre zombies (D:12)
  2 mummies (D:7)
  2 howler monkey skeletons
  11 gnolls
  10 adders
  2 white imps
  An ufetubus (D:5)
  6 worms
  3 dart slugs (D:2)
  91 orcs
  4 bats
  3 endoplasms
  6 giant cockroaches
  6 hobgoblins
  4 jackals (D:1)
  8 kobolds
  2 quokkas
  6 ball pythons
  5 frilled lizards
  4 goblins
  A goblin skeleton (D:12)
  5 goblin zombies (D:12)
  A hobgoblin zombie (D:12)
  4 orc skeletons (D:12)
  13 orc zombies (D:12)
  10 rats
  A butterfly (Lair:2)
651 creatures vanquished.

Vanquished Creatures (collateral kills)
  Maurice (D:12)
  4 fire elementals (D:12)
  A hell hound (D:12)
6 creatures vanquished.

Vanquished Creatures (others)
  A vampire mosquito (D:12)
  An orc wizard (D:7)
  3 gnolls (D:12)
  12 fungi
  A lurking horror (Abyss:2)
  20 plants
  3 withered plants (D:7)
41 creatures vanquished.

Grand Total: 698 creatures vanquished

Notes
Turn   | Place    | Note
-------+----------+-------------------------------------------
     0 | Abyss:1  | meatgazer the Demonspawn Abyssal Knight began the quest for
                  | the Orb.
     0 | Abyss:1  | Reached XP level 1. HP: 18/18 MP: 2/2
     5 | Abyss:1  | Found an opulent altar of Gozag.
   196 | Abyss:2  | Noticed a thrashing horror
   197 | Abyss:2  | Noticed a small abomination
   214 | Abyss:3  | Found a corrupted altar of Lugonu.
   256 | Abyss:3  | Noticed a spatial vortex
   261 | Abyss:3  | Noticed an ancient zyme
   263 | Abyss:3  | Noticed a starcursed mass
   271 | D:1      | Escaped the Abyss
   661 | D:1      | You fall into a shaft and drop 1 floor!
   711 | D:2      | Found a radiant altar of Vehumet.
   749 | D:2      | Gained mutation: A meltable shield of frost defends you.
                  | (SH +0) [demonic ancestry]
   749 | D:2      | Reached XP level 2. HP: 20/24 MP: 4/4
   786 | D:2      | Reached * piety under Lugonu
   899 | D:1      | Reached skill level 3 in Invocations
   950 | D:1      | HP: 1/24 [hobgoblin (4)]
  1338 | D:1      | Found a faded altar of an unknown god.
  1459 | D:1      | Gained mutation: You are partially covered in molten
                  | scales. (AC +2) [demonic ancestry]
  1459 | D:1      | Reached XP level 3. HP: 15/29 MP: 5/5
  1877 | D:1      | Upgraded the game from 0.28-a0-984-g3775c662fe to
                  | 0.28-a0-1002-gf00fe891ef
  1911 | D:1      | Identified a scroll of acquirement
  1911 | D:1      | Acquired the +2 demon blade of Karma {freeze, Will+}
  2366 | D:2      | Reached ** piety under Lugonu
  3298 | D:3      | Found a sparkling altar of Nemelex Xobeh.
  3355 | D:3      | Found a broken altar of Ashenzari.
  3357 | D:3      | Gained mutation: You have large cloven feet. [demonic
                  | ancestry]
  3357 | D:3      | Reached XP level 4. HP: 30/37 MP: 6/6
  3393 | D:3      | Reached skill level 4 in Invocations
  3477 | D:3      | Found a burning altar of Makhleb.
  3581 | D:3      | Found a shadowy altar of Dithmenos.
  4331 | D:4      | Gained mutation: You have hoof-like feet. [demonic
                  | ancestry]
  4331 | D:4      | Reached XP level 5. HP: 42/42 MP: 8/8
  4331 | D:4      | Noticed Ijyb
  4342 | D:4      | Killed Ijyb
  4605 | D:4      | Found Nekeonyh's Armour Shoppe.
  4648 | D:4      | Found an ornate altar of the Wu Jian Council.
  4951 | D:4      | Reached *** piety under Lugonu
  5022 | D:4      | Reached skill level 5 in Invocations
  5093 | D:4      | Gained mutation: You have hooves in place of feet. [demonic
                  | ancestry]
  5093 | D:4      | Reached XP level 6. HP: 44/49 MP: 9/9
  5300 | D:5      | Entered Level 5 of the Dungeon
  5317 | D:5      | Reached skill level 1 in Shields
  5335 | D:5      | Found a staircase to the Ecumenical Temple.
  5345 | D:5      | Noticed a sky beast
  5357 | D:5      | Killed a sky beast
  5438 | D:5      | Reached skill level 5 in Fighting
  5438 | D:5      | Gained mutation: A meltable icy envelope protects you from
                  | harm. (AC +0) [demonic ancestry]
  5438 | D:5      | Reached XP level 7. HP: 47/56 MP: 11/11
  5544 | D:5      | Reached skill level 6 in Invocations
  5742 | D:5      | Found a blossoming altar of Fedhas.
  5997 | D:6      | Reached XP level 8. HP: 61/63 MP: 12/12
  6659 | D:6      | Reached skill level 7 in Invocations
  6659 | D:6      | Reached **** piety under Lugonu
  6753 | D:6      | Reached skill level 5 in Long Blades
  7462 | D:7      | Found a sacrificial altar of Ru.
  7551 | D:7      | Reached skill level 8 in Invocations
  7795 | D:7      | Reached XP level 9. HP: 66/72 MP: 15/15
  7911 | D:7      | Reached skill level 9 in Invocations
  8703 | D:8      | Reached skill level 10 in Invocations
  9189 | D:8      | Reached ***** piety under Lugonu
  9497 | D:8      | Gained mutation: You are mostly covered in molten scales.
                  | (AC +3) [demonic ancestry]
  9497 | D:8      | Reached XP level 10. HP: 78/82 MP: 17/17
  9497 | D:8      | Acquired 376 gold pieces
  9814 | D:4      | Bought the +1 plate armour of the Moneychanger {Int+2
                  | Dex+5} for 646 gold pieces
 10110 | D:9      | Found a runed translucent door.
 10139 | D:9      | Found a hazy altar of Hepliaklqana.
 10305 | D:9      | Got Oppuchygge's Disquisition on Changing and Flames
 10495 | D:9      | Noticed a centaur warrior
 10497 | D:9      | Killed a centaur warrior
 10498 | D:9      | Reached skill level 11 in Invocations
 10688 | D:9      | Found an iron altar of Okawaru.
 10690 | D:9      | Noticed Psyche
 10696 | D:9      | Killed Psyche
 10780 | D:9      | Found Zoeloasm's Jewellery Boutique.
 10848 | D:9      | Noticed ytrimaz's ghost (novice OpTm)
 10881 | D:9      | Found the +10 zealot's sword {holy, *Rage rN+ EV+3}
 11233 | D:10     | Entered Level 10 of the Dungeon
 11250 | D:10     | Noticed Erica
 11281 | D:10     | Noticed a tengu warrior
 11283 | D:10     | HP: 2/83 [orc priest/divine providence (7)]
 11995 | D:11     | Found Jaomig's Jewellery Boutique.
 12020 | D:11     | Reached skill level 5 in Armour
 12020 | D:11     | Noticed a manticore
 12021 | D:11     | Banished a manticore
 12101 | D:11     | Noticed a two-headed ogre
 12101 | D:11     | Noticed a two-headed ogre
 12241 | D:11     | Noticed a two-headed ogre
 12272 | D:11     | Killed a two-headed ogre
 12273 | D:11     | Reached XP level 11. HP: 63/89 MP: 19/19
 12397 | D:11     | Found Qatoat's Weapon Shoppe.
 12486 | D:11     | Reached skill level 12 in Invocations
 12756 | D:11     | Found a staircase to the Lair.
 12846 | D:11     | Killed a two-headed ogre
 13202 | D:11     | Found Bodwaow's Magic Scroll Emporium.
 13207 | D:11     | Bought a scroll of summoning for 133 gold pieces
 13419 | D:11     | Killed a two-headed ogre
 13420 | D:11     | Reached skill level 10 in Fighting
 13469 | D:11     | Found the +7 pair of quick blades "Gyre" and "Gimble"
                  | {protect}
 13552 | D:10     | Found Sehosec's Jewellery Shoppe.
 13605 | D:10     | Killed a tengu warrior
 13716 | D:10     | Noticed Joseph
 13727 | D:10     | Killed Joseph
 13847 | D:10     | Killed Erica
 13879 | D:10     | Found a shimmering altar of Xom.
 13880 | D:10     | Found a shimmering altar of Xom.
 13880 | D:10     | Found a shimmering altar of Xom.
 14236 | D:10     | Noticed Josephine
 14248 | D:10     | Killed Josephine
 14379 | D:10     | Noticed Harold
 14381 | D:10     | Banished Harold
 14592 | D:10     | Noticed Sonja
 14605 | D:10     | Killed Sonja
 14606 | D:10     | Reached skill level 13 in Invocations
 14606 | D:10     | Gained mutation: You sometimes gain a little power by
                  | taking damage. [demonic ancestry]
 14606 | D:10     | Reached XP level 12. HP: 44/98 MP: 21/21
 15004 | Lair:1   | Entered Level 1 of the Lair of Beasts
 15627 | Lair:1   | Noticed a six-headed hydra
 15635 | Lair:1   | Killed a two-headed hydra
 16493 | Lair:2   | Reached skill level 10 in Long Blades
 16896 | Lair:2   | Gained mutation: You tend to lose your temper in combat.
                  | [potion of mutation]
 16896 | Lair:2   | Gained mutation: You are weak. (Str -2) [potion of
                  | mutation]
 16896 | Lair:2   | Gained mutation: Your spells are a little harder to cast,
                  | but a little more powerful. [potion of mutation]
 16896 | Lair:2   | Gained mutation: You are agile. (Dex +2) [potion of
                  | mutation]
 16897 | Lair:2   | Lost mutation: You are weak. (Str -2) [potion of mutation]
 16897 | Lair:2   | Lost mutation: You tend to lose your temper in combat.
                  | [potion of mutation]
 16897 | Lair:2   | Gained mutation: You are frail. (-10% HP) [potion of
                  | mutation]
 16897 | Lair:2   | Gained mutation: You have a pair of small horns on your
                  | head. [potion of mutation]
 16897 | Lair:2   | Gained mutation: You expend magic power (3 MP) to
                  | strengthen your wands. [potion of mutation]
 16934 | Lair:2   | Reached skill level 14 in Invocations
 16975 | Lair:2   | Found a hole to the Spider Nest.
 17041 | Lair:2   | Reached skill level 1 in Evocations
 17322 | Lair:2   | Found a staircase to the Swamp.
 17901 | Lair:3   | Reached ****** piety under Lugonu
 17906 | Lair:3   | Gained mutation: You sometimes gain power by taking damage.
                  | [demonic ancestry]
 17906 | Lair:3   | Reached XP level 13. HP: 92/95 MP: 23/23
 18209 | Lair:3   | Identified the +0 hat of the Lair of Beasts {rC+}
 20077 | Lair:4   | Reached skill level 10 in Armour
 20531 | Lair:5   | Reached skill level 15 in Invocations
 21078 | Lair:4   | HP: 2/97 [blink frog (13)]
 21824 | D:9      | Bought the ring "Erexi" {rElec rPois rC+ Dex+3 Slay+2} for
                  | 779 gold pieces
 22281 | Lair:5   | Reached skill level 5 in Evocations
 23181 | Lair:6   | Entered Level 6 of the Lair of Beasts
 23553 | Lair:6   | Gained mutation: A meltable icy envelope protects you from
                  | harm. (AC +0) [demonic ancestry]
 23553 | Lair:6   | Reached XP level 14. HP: 82/104 MP: 25/25
 23960 | Lair:6   | Acquired the amulet of Pomn {Reflect Dex+4 SH+5}
 24336 | Lair:6   | Found a staircase to the Slime Pits.
 24340 | Lair:6   | Found a viscous altar of Jiyva.
 24479 | Lair:6   | Reached skill level 16 in Invocations
 24974 | Lair:6   | Found a corrupted altar of Lugonu.
 24974 | Lair:6   | Found a one-way gate to the infinite horrors of the Abyss.
 25204 | Lair:6   | Lost mutation: You have a pair of small horns on your head.
                  | [potion of mutation]
 25204 | Lair:6   | Lost mutation: You are agile. (Dex +2) [potion of mutation]
 25204 | Lair:6   | Lost mutation: Your spells are a little harder to cast, but
                  | a little more powerful. [potion of mutation]
 25204 | Lair:6   | Gained mutation: You are agile. (Dex +2) [potion of
                  | mutation]
 25204 | Lair:6   | Gained mutation: You are very frail. (-20% HP) [potion of
                  | mutation]
 25384 | Lair:6   | Identified the +1 robe "Maosarch" {Str+2 Stlth+ Archmagi}
 25545 | Lair:6   | Voluntarily entered the Abyss.
 25564 | Abyss:1  | Found a corrupted altar of Lugonu.
 25620 | Abyss:1  | Found a corrupted altar of Lugonu.
 25676 | Lair:6   | Escaped the Abyss
 26027 | D:12     | Noticed Rupert
 26039 | D:12     | Killed Rupert
 26514 | D:12     | Noticed Maurice
 26517 | D:12     | Noticed Azrael
 26531 | D:12     | Killed Maurice
 26918 | D:12     | Killed Azrael
 27208 | D:12     | Found a staircase to the Orcish Mines.
 27888 | Orc:1    | Entered Level 1 of the Orcish Mines
 27888 | Orc:1    | Found Boedupt's Distillery.
 28516 | Orc:1    | Found Cagoc's Distillery.
 28527 | Orc:1    | Bought a potion of mutation for 120 gold pieces
 28527 | Orc:1    | Lost mutation: You are very frail. (-20% HP) [potion of
                  | mutation]
 28527 | Orc:1    | Lost mutation: You are frail. (-10% HP) [potion of
                  | mutation]
 28527 | Orc:1    | Gained mutation: You have a pair of small horns on your
                  | head. [potion of mutation]
 28527 | Orc:1    | Gained mutation: Your system is resistant to poisons.
                  | (rPois) [potion of mutation]
 28527 | Orc:1    | Gained mutation: You sometimes lose the ability to read
                  | scrolls when taking damage. [potion of mutation]
 28527 | Orc:1    | Gained mutation: You passively map a small area around you.
                  | [potion of mutation]
 28879 | Orc:2    | Entered Level 2 of the Orcish Mines
 28879 | Orc:2    | Found a staircase to the Elven Halls.
 29160 | Orc:2    | Found Qaqorawe's Antique Weapon Boutique.
 29421 | Orc:2    | Bought an ivory falchion for 232 gold pieces
 29421 | Orc:2    | Identified the +7 falchion of Gothrozo {freeze, *Noise
                  | rElec rPois Str+9} (You bought it in a shop on level 2 of
                  | the Orcish Mines)
 30423 | Orc:2    | Found Ogitisu's Magic Scroll Shop.
 30475 | Orc:2    | Found Bofrurh Dint's Armour Boutique.
 30561 | Orc:2    | Noticed an orc warlord
 30605 | Orc:1    | Killed an orc warlord
 30606 | Orc:1    | Reached XP level 15. HP: 123/124 MP: 13/27
 31173 | Orc:2    | Found Duatureo's Antique Armour Emporium.
 31174 | Orc:2    | Found Kiesagru's Antique Weapon Shoppe.
 31187 | Orc:2    | Bought an ancient hat for 288 gold pieces
 31187 | Orc:2    | Identified the -4 hat of the Storm King {rPois rF+ Will++
                  | Str-3} (You bought it in a shop on level 2 of the Orcish
                  | Mines)
 31571 | D:13     | Found Tinics's Distillery.
 31580 | D:13     | Bought a potion of heal wounds for 70 gold pieces
 31580 | D:13     | Bought a potion of heal wounds for 70 gold pieces
 32241 | D:13     | Reached skill level 17 in Invocations
 33021 | D:13     | HP: 3/125 [+3 long sword (21)]
 33024 | D:13     | Demolished by a +4 long sword

Illustrated notes

Levels and vault maps discovered:
D:1:      dpeg_arrival_simpleton_c, layout_loops_ring,
          hellmonk_ecumenical_altar_heavens_door, chequers_serial_rivers_large_b
D:2:      layout_basic, basic_altar
D:3:      layout_basic, nicolae_dithmenos_through_a_glass_darkly,
          nicolae_overflow_quartered_altars, serial_curves, eino_curves_04,
          eino_curves_03, roderic_lattice_a
D:4:      layout_basic, pdpol_wu_jian_five_deadly_venoms, serial_shops,
          nicolae_shop_hallway_stairs, uniq_ijyb
D:5:      layout_rooms, kennysheep_mini, minmay_temple_entry_steel_oval,
          minmay_misc_feat_enclosed
D:6:      layout_gridville
D:7:      layout_rooms, marbit_many_paths, nicolae_ru_sacrificial_ziggurat,
          serial_undead, serial_undead_d, serial_undead_d, serial_undead_a,
          serial_undead_f, serial_undead_f, serial_undead_e
D:8:      layout_loops_corners
D:9:      layout_irregular_city, mainiacjoe_overflow_alcove_2,
          okawaru_gym_becter, ebering_ghost_reflecting_pool, serial_shops,
          nicolae_shop_behind_doors, uniq_psyche
D:10:     layout_loops_corners, xom_shifter_show, serial_shops,
          nicolae_square_shop, uniq_sonja, uniq_josephine, uniq_joseph,
          uniq_erica, uniq_harold
D:11:     layout_loops_ring, lair_entry_dummy, gauntlet_entry_generic,
          serial_shops, nicolae_shop_hallway_plus, nicolae_shop_waterfront,
          nicolae_inconvenience_store, hellmonk_guarded_unrand_gyre_and_gimble
D:12:     layout_irregular_city, zombieorc2_lemuel, uniq_maurice, uniq_rupert,
          uniq_azrael
D:13:     layout_loops_cross, serial_shops, shop, serial_rivers,
          chequers_serial_rivers_small_b, chequers_serial_rivers_marsh,
          chequers_serial_rivers_micro_b, chequers_serial_rivers_marsh,
          chequers_serial_rivers_small_b, chequers_serial_rivers_micro_e
D:14:     layout_big_octagon, erik_vaults_1, yredelemnul_altar_generic,
          minmay_bent
Lair:1:   layout_loops_ring, minivault_25, gammafunk_lair_bear_cave
Lair:2:   layout_cellular_growth, nicolae_swamp_entry_splash_gauntlet,
          nicolae_spider_entry_non_spiders, grunt_forest_stairs_clearing,
          lemuel_fruit_fields, grunt_megastairs_3
Lair:3:   layout_hall_layers, hangedman_lair_generics_rect
Lair:4:   layout_hall_layers
Lair:5:   layout_concentric_octagons, beast_lair_carwin_11, grunt_megastairs_4,
          lemuel_fruit_fields
Lair:6:   hellmonk_lair_end_abyssal_woods, layout_misc_corridors, slime_altar_1,
          lemuel_fruit_tree, grunt_megastairs_2
Orc:1:    layout_caves, serial_shops, shop, nicolae_shop_stone
Orc:2:    grunt_orc_community_town_hall, layout_diamond_mine,
          grunt_orc_community_big_house_1, grunt_orc_community_big_house_2,
          grunt_orc_community_house_3, grunt_orc_community_house_3,
          grunt_orc_community_house_2, grunt_orc_community_house_3,
          serial_shops, shop, nicolae_orc_lava_room

Skill      XL: |  1  2  3  4  5  6  7  8  9 10 11 12 13 14 15 |
---------------+----------------------------------------------+-----
Long Blades    | 2 3 4 5 7 8 9 10 11 12 | 12.4
Invocations    | 3 4 5 6 8 10 11 13 14 15 16 17 | 17.0
Fighting       | 4 5 7 8 9 10 11 12 13 | 13.6
Shields        | 2 4 |  4.1
Armour         | 5 7 9 10 11 | 11.6
Evocations     | 2 5 7 |  7.9
Dodging        | |  0.8

Action                   |  1- 3 |  4- 6 |  7- 9 | 10-12 | 13-15 || total
-------------------------+-------+-------+-------+-------+-------++-------
Melee: Falchion          |    77 |       |       |     5 |   189 ||   271
       Demon blade       |    40 |    91 |   228 |   573 |   747 ||  1679
       Kick              |       |    20 |    83 |   293 |   526 ||   922
       Headbutt          |       |       |       |    38 |   253 ||   291
Invok: Depart the Abyss  |     1 |       |       |       |     1 ||     2
       Banish            |       |       |       |     2 |     1 ||     3
Evoke: Wand              |       |       |       |     1 |    12 ||    13
  Use: Scroll            |    11 |     2 |     5 |     9 |    11 ||    38
       Potion            |       |       |     5 |    10 |     7 ||    22
 Stab: Petrified         |       |       |       |       |     7 ||     7
       Distracted        |       |       |       |       |     1 ||     1
Armor: Leather armour    |    32 |    32 |    97 |       |       ||   161
       Plate armour      |       |       |       |   432 |   524 ||   956
Dodge: Dodged            |    69 |    42 |    93 |   150 |   192 ||   546
Block: Other             |    18 |    12 |     9 |       |       ||    39
       Buckler           |       |       |    95 |   362 |   661 ||  1118
       Reflection        |       |       |     7 |    18 |    12 ||    37

Table legend: (Time is in decaauts)
 A = Elapsed time spent in this place.
 B = Non-inter-level travel time spent in this place.
 C = Inter-level travel time spent in this place.
 D = Time resting spent in this place.
 E = Time spent auto-exploring this place.
 F = Levels seen in this place.
 G = Mean time per level.
                   A        B        C        D        E       F      G
               +--------+--------+--------+--------+--------+-----+--------+
         Total |  32802 |  31016 |   1786 |  11251 |  15960 |  26 | 1261.6 |
       Dungeon |  19154 |  18031 |   1123 |   5923 |   9950 |  14 | 1368.1 |
          Lair |  10243 |   9642 |    601 |   3717 |   4796 |   6 | 1707.2 |
  Orcish Mines |   3006 |   2945 |     61 |   1611 |    911 |   2 | 1503.0 |
         Abyss |    398 |    398 |      0 |      0 |    302 |   4 |   99.5 |
               +--------+--------+--------+--------+--------+-----+--------+

Top non-repeatable levels by time:
  Lair:4: 2330 daAuts
    D:12: 2230 daAuts
    D:11: 2116 daAuts
    D:10: 2064 daAuts
  Lair:6: 2038 daAuts
  Lair:5: 1822 daAuts
     D:1: 1791 daAuts
  Lair:2: 1767 daAuts
     D:6: 1616 daAuts
   Orc:2: 1530 daAuts
   Orc:1: 1476 daAuts
    D:13: 1476 daAuts
     D:8: 1401 daAuts
     D:3: 1222 daAuts
     D:4: 1191 daAuts
